 Dungeon Crawl Stone Soup version 0.24-a0-433-gbe6fa4f6cc (webtiles) character file.

Game seed: 8399688636882284270

1498 Amnesiac the Spear-Bearer (level 8, -8/56 HPs)
             Began as a Merfolk Skald on June 13, 2019.
             Was an Initiate of Okawaru.
             Mangled by confidenceinterval's ghost (21 damage)
             ... on level 6 of the Dungeon on June 14, 2019.
             The game lasted 00:12:52 (4020 turns).

Amnesiac the Spear-Bearer (Merfolk Skald)           Turns: 4020, Time: 00:12:53

Health: -8/56      AC:  3    Str: 11    XL:     8   Next: 81%
Magic:  11/11      EV: 16    Int: 13    God:    Okawaru [......]
Gold:   172        SH:  0    Dex: 18    Spells: 4/11 levels left

rFire    . . .     SeeInvis .   a - +0 spear
rCold    . . .     Gourm    .   (no shield)
rNeg     + . .     Faith    .   b - +0 leather armour
rPois    .         Spirit   .   (no helmet)
rElec    .         Reflect  .   (no cloak)
rCorr    .         Harm     .   (no gloves)
MR       .....                  (no boots)
Stlth    +.........             k - amulet of the acrobat
HPRegen  0.18/turn              m - ring of Xeastema {rN+ Dex+3}
MPRegen  0.12/turn              (no ring)

@: lightly drained
A: change form in water, swift swim, stealthy swim
a: Renounce Religion


You were on level 6 of the Dungeon.
You worshipped Okawaru.
Okawaru was noncommittal.
You were not hungry.

You visited 2 branches of the dungeon, and saw 7 of its levels.

You collected 172 gold pieces.

Inventory:

Hand Weapons
 a - a +0 spear (weapon)
Armour
 b - a +0 leather armour (worn)
Jewellery
 k - an amulet of the acrobat (around neck)
 m - the ring of Xeastema (left hand) {rN+ Dex+3}
   (You found it on level 4 of the Dungeon)

   [ring of positive energy]

   It affects your dexterity (+3).
   It protects you from negative energy.
Wands
 c - a wand of digging (5)
 q - a wand of paralysis (13)
Scrolls
 e - a scroll of fear {!r, unknown}
 f - 6 scrolls of identify {!r, unknown}
 g - a scroll of enchant weapon {!r, unknown}
 h - a scroll of random uselessness {!r, unknown}
 i - 4 scrolls of remove curse {!r, unknown}
 l - 2 scrolls of amnesia {!r, unknown}
 r - a scroll of fog {!r, unknown}
Potions
 j - a potion of agility {!q, unknown}
 n - 2 potions of curing {!q, unknown}
 o - 2 potions of ambrosia {!q, unknown}
 p - a potion of degeneration {!q, unknown}
 s - a potion of brilliance {!q, unknown}
Comestibles
 d - 3 rations
 t - 2 chunks of flesh


   Skills:
 - Level 2.1(2.0) Fighting
 - Level 12.0(11.7) Polearms
 - Level 0.6(0.4) Armour
 * Level 6.9(6.7) Dodging
 - Level 2.0(1.8) Spellcasting
 - Level 3.0(2.8) Hexes
 - Level 4.5(4.3) Charms


You had 4 spell levels left.
You knew the following spells:

 Your Spells              Type           Power        Failure   Level  Hunger
a - Infusion              Chrm           ##..         5%          1    ##.....
e - Spectral Weapon       Hex/Chrm       ##......     22%         3    ####...
r - Regeneration          Chrm/Necr      #.........   38%         3    ####...

Your spell library contained the following spells:

 Spells                   Type           Power        Failure   Level  Hunger
 Song of Slaying          Chrm           ##......     9%          2    ###....
 Shroud of Golubria       Chrm/Tloc      #.....       22%         2    ###....


Dungeon Overview and Level Annotations

Branches:
Dungeon (6/15)             Temple (1/1) D:6

Altars:
Ashenzari
Dithmenos
Hepliaklqana
Kikubaaqudgha
Makhleb
Nemelex Xobeh
Okawaru
Qazlal
Ru
Trog
Uskayaw
Vehumet
Wu Jian
Yredelemnul
The Shining One

Shops:
D:5 =

Annotations:
D:6 confidenceinterval's ghost, novice TrMo


Message History

There is an ancient bone altar of Kikubaaqudgha here.
There is an iron altar of Okawaru here.
You kneel at the altar of Okawaru.
Okawaru welcomes you!
(D) Dungeon (T) Temple
Where to? (? - help)
What level of the Dungeon? (default 6, ? - help)
There is a staircase back to the Dungeon here.
You climb upwards.
Welcome back to the Dungeon!
There is a staircase to the Ecumenical Temple here.
You open the door.
The adder is too close now for your liking.
You closely miss the adder. The adder barely misses you.
You barely miss the adder. The adder misses you.
You miss the adder. The adder barely misses you.
You miss the adder. You miss the adder. The adder bites you but does no damage.
You hit the adder.
The adder is moderately wounded.
The adder barely misses you.
You completely miss the adder.
The adder is moderately wounded.
You barely miss the adder.
The adder is moderately wounded.
The adder closely misses you.
You hit the adder.
The adder is almost dead.
The adder bites you but does no damage.
You miss the adder.
The adder is almost dead.
You closely miss the adder.
The adder is almost dead.
The adder barely misses you.
You hit the adder.
You kill the adder!
Okawaru accepts your kill.
No target in view!
There is an open door, spattered with blood here.
You see here an adder corpse.
You butcher the adder corpse.
t - 2 chunks of flesh
There is an open door, spattered with blood here.
You see here an adder skeleton.
(D) Dungeon (T) Temple
Where to? (Enter - D:1, ? - help)
There is an open door here.
There is a stone staircase leading up here.
You climb upwards.
Level annotation: confidenceinterval's ghost, novice TrMo Confidenceinterval's ghost hits you!
The adder zombie closely misses you. Confidenceinterval's ghost hits you!!
* * * LOW HITPOINT WARNING * * *
The adder zombie bites you but does no damage.
There is a stone staircase leading down, spattered with blood here.
Confidenceinterval's ghost hits you!
* * * LOW HITPOINT WARNING * * *
The adder zombie bites you.
* * * LOW HITPOINT WARNING * * *
You climb downwards.
There is a stone staircase leading up here.
Okay, then.
As you open the door, it creaks loudly! Confidenceinterval's ghost hits you!!
You die...

#>........#
+.........+ .........
....... ...!. .[. #'#
#@# #W#########
###+##### ##.#........
#.....#.###....#######
#.###.#.##<....#
+.#>#.'.###....#
#.#รท#.#..###.#.#
#.....#........#
###+###.####.###


You could see confidenceinterval's ghost.

Vanquished Creatures
  Duvessa (D:5)
  A sky beast (D:4)
  A phantom (D:5)
  2 ogres (D:5)
  2 centaurs (D:5)
  3 scorpions
  Dowan (D:5)
  2 centaur zombies (D:5)
  A jelly (D:4)
  A quasit (D:5)
  3 bullfrog zombies (D:5)
  2 orc priests
  5 orc wizards
  A hound (D:5)
  A bullfrog skeleton (D:5)
  A worker ant (D:4)
  A killer bee zombie (D:5)
  2 hound zombies (D:5)
  A howler monkey zombie (D:5)
  2 worker ant zombies (D:5)
  5 adders
  An ooze (D:3)
  An adder skeleton (D:5)
  2 adder zombies (D:5)
  2 dart slugs
  2 leopard geckos
  14 orcs
  A goblin (D:3)
  3 hobgoblins (D:2)
  2 jackals (D:3)
  3 quokkas
  2 ball pythons
  2 bats
  A kobold (D:1)
  A leopard gecko skeleton (D:5)
  A leopard gecko zombie (D:5)
  2 quokka skeletons (D:5)
  5 rats
84 creatures vanquished.

Vanquished Creatures (others)
  A spectral weapon (D:5)
1 creature vanquished.

Grand Total: 85 creatures vanquished

Notes
Turn   | Place    | Note
-------+----------+-------------------------------------------
     0 | D:1      | Amnesiac the Merfolk Skald began the quest for the Orb.
     0 | D:1      | Reached XP level 1. HP: 16/16 MP: 3/3
   376 | D:2      | Reached XP level 2. HP: 21/22 MP: 1/5
   527 | D:3      | Reached XP level 3. HP: 22/27 MP: 0/6
   563 | D:2      | Learned a level 3 spell: Spectral Weapon
   769 | D:3      | Reached skill level 4 in Polearms
   771 | D:3      | Reached skill level 1 in Hexes
   771 | D:3      | Reached XP level 4. HP: 17/33 MP: 1/7
   963 | D:4      | Reached skill level 5 in Polearms
   993 | D:4      | Reached XP level 5. HP: 36/38 MP: 4/8
  1123 | D:4      | Reached skill level 6 in Polearms
  1137 | D:4      | Reached XP level 6. HP: 19/44 MP: 3/9
  1480 | D:4      | Reached skill level 7 in Polearms
  1592 | D:4      | Got a glittering glass ring
  1593 | D:4      | Identified the ring of Xeastema {rN+ Dex+3} (You found it
                  | on level 4 of the Dungeon)
  2022 | D:5      | Entered Level 5 of the Dungeon
  2060 | D:5      | Learned a level 3 spell: Regeneration
  2278 | D:4      | Found a glowing golden altar of the Shining One.
  2327 | D:5      | Reached skill level 8 in Polearms
  2327 | D:5      | Reached XP level 7. HP: 29/50 MP: 3/10
  2330 | D:5      | Upgraded the game from 0.24-a0-429-g4608c8fa30 to
                  | 0.24-a0-433-gbe6fa4f6cc
  2364 | D:4      | Reached skill level 9 in Polearms
  2583 | D:5      | Found Peatoam's Jewellery Boutique.
  2619 | D:5      | Reached skill level 10 in Polearms
  2749 | D:5      | Reached skill level 11 in Polearms
  2749 | D:5      | Reached XP level 8. HP: 33/56 MP: 4/11
  2772 | D:5      | Found a hazy altar of Hepliaklqana.
  2797 | D:5      | Found a runed translucent gate.
  2797 | D:5      | Found a runed translucent gate.
  2797 | D:5      | Found a runed translucent gate.
  2803 | D:5      | Noticed confidenceinterval's ghost (novice TrMo)
  3027 | D:5      | Noticed Dowan
  3120 | D:5      | Reached skill level 12 in Polearms
  3142 | D:5      | Killed Dowan
  3142 | D:5      | Reached skill level 5 in Dodging
  3467 | D:5      | Noticed Duvessa
  3510 | D:5      | Killed Duvessa
  3647 | D:5      | Found a sparkling altar of Nemelex Xobeh.
  3877 | D:6      | Found a staircase to the Ecumenical Temple.
  3886 | Temple   | Entered the Ecumenical Temple
  3962 | Temple   | Became a worshipper of Warmaster Okawaru
  4020 | D:6      | Mangled by confidenceinterval's ghost

Levels and vault maps discovered:
D:1:      lightli_arrival_isolated_outpost, layout_basic, lemuel_flame_loot_1
D:2:      layout_loops_ring, uniq_crazy_yiuf_cottage
D:3:      layout_basic, good_gods_mini_temple, serial_glass, glass_columns_b,
          glass_columns_a, glass_columns_c, glass_columns_b, glass_columns_b,
          glass_columns_b, glass_columns_b, glass_columns_c, glass_columns_c,
          glass_columns_b, glass_columns_c, glass_columns_c, glass_columns_b,
          glass_columns_c, first_ration
D:4:      lemuel_upstairs_altar, layout_basic
D:5:      layout_loops_ring, kennysheep_mini, nemelex_xobeh_ov_fountains_minmay,
          gammafunk_ghost_necromancy, serial_shops, shop, serial_undead,
          serial_undead_d, serial_undead_d, serial_undead_e, serial_undead_f,
          serial_undead_d, serial_undead_a, uniq_duvessa
D:6:      layout_loops_corners, minmay_temple_entry_glassed_door,
          glass_columns_a, hangedman_decor_growths
Temple:   minmay_temple_bridge_abc

Skill      XL: |  1  2  3  4  5  6  7  8 |
---------------+-------------------------+-----
Charms         | 4 |  4.5
Polearms       | 4 5 6 8 11 12 | 12.0
Hexes          | 1 2 3 |  3.0
Dodging        | 6 |  6.9
Fighting       | |  2.1
Armour         | |  0.6
Spellcasting   | |  2.0

Action                   |  1- 3 |  4- 6 |  7- 9 || total
-------------------------+-------+-------+-------++-------
Melee: Spear             |    84 |    93 |   293 ||   470
 Cast: Infusion          |    10 |     4 |       ||    14
       Spectral Weapon   |     1 |     8 |    13 ||    22
       Regeneration      |       |     1 |       ||     1
  Use: Potion            |       |       |     1 ||     1
 Stab: Distracted        |       |     2 |     2 ||     4
  Eat: Chunk             |       |     3 |     4 ||     7
       Ration            |       |     1 |     1 ||     2
Armor: Leather armour    |    17 |    19 |    20 ||    56
Dodge: Dodged            |    35 |    29 |   126 ||   190

Table legend:
 A = Non-vault XP
 B = Vault XP
 C = Vault XP percentage of total XP
 D = Non-vault monster count
 E = Vault monster count
 F = Vault count percentage of total count
                 A         B        C        D         E       F
            +---------+---------+-------+---------+---------+-------
      Total |    1624 |     516 |  24.1 |      66 |      18 |  21.4
            +---------+---------+-------+---------+---------+-------
        D:1 |       3 |       0 |   0.0 |       3 |       0 |   0.0
        D:2 |      11 |       0 |   0.0 |       6 |       0 |   0.0
        D:3 |      68 |       0 |   0.0 |      15 |       0 |   0.0
        D:4 |     539 |       0 |   0.0 |      16 |       0 |   0.0
        D:5 |     990 |     516 |  34.3 |      25 |      18 |  41.9
        D:6 |      13 |       0 |   0.0 |       1 |       0 |   0.0
            +---------+---------+-------+---------+---------+-------
